 Dungeon Crawl Stone Soup version 0.30-b1-2-g02819fbbbe (webtiles) character file.

Game seed: 15267257786021500278

21368 Pajje the Severer (level 12, -42/115 HPs)
             Began as a Hill Orc Monk on Aug 14, 2023.
             Was the Champion of Lugonu.
             Annihilated by a very large slime creature (56 damage)
             ... on level 12 of the Dungeon on Aug 15, 2023.
             The game lasted 01:22:33 (13976 turns).

Pajje the Severer (Hill Orc Monk)                  Turns: 13976, Time: 01:22:33

Health: -42/115    AC: 13    Str: 19    XL:     12   Next: 89%
Magic:  22/22      EV: 12    Int: 14    God:    Lugonu [******]
Gold:   858        SH:  8    Dex: 19    Spells: 11/11 levels left

rFire   . . .        I - +6 war axe (distort)
rCold   + . .        g - +1 buckler
rNeg    + . .        N - +3 leather armour of Chimes {rC+ rN+ Int+4}
rPois   .            u - +1 helmet {SInv}
rElec   .            (no cloak)
rCorr   .            (no gloves)
SInv    +            i - +0 pair of boots
Will    .....        (no amulet)
Stlth   +            y - +4 ring of protection
HPRegen 0.39/turn    j - +6 ring of dexterity
MPRegen 0.18/turn

%: no passive effects
@: studying Shields
A: no striking features
a: Renounce Religion, Depart the Abyss, Banish, Corrupt, Enter the Abyss


You were on level 12 of the Dungeon.
You worshipped Lugonu.
Lugonu was exalted by your worship.
You visited 1 branch of the dungeon, and saw 14 of its levels.
You also visited: Sewer and Ossuary.

You collected 858 gold pieces.

Inventory:

Hand Weapons
 a - a +1 hand axe of draining
 I - a +6 war axe of distortion (weapon)
Missiles
 f - a throwing net
Armour
 d - an orb of light
 g - a +1 buckler (worn)
 i - a +0 pair of boots (worn)
 u - a +1 helmet of see invisible (worn)
 N - the +3 leather armour of Chimes (worn) {rC+ rN+ Int+4}
   (You found it on level 7 of the Dungeon)

   Int:       It affects your intelligence (+4).
   rC:        It protects you from cold.
   rN:        It protects you from negative energy.
Jewellery
 h - a ring of willpower
 j - a +6 ring of dexterity (right hand)
 m - a ring of protection from cold
 y - a +4 ring of protection (left hand)
 K - a ring of protection from fire
Wands
 l - a wand of flame (50) (quivered)
 C - a wand of iceblast (9)
 E - a wand of digging (9)
 F - a wand of mindburst (3)
Scrolls
 e - 4 scrolls of amnesia
 n - a scroll of blinking
 o - 2 scrolls of fog
 r - 7 scrolls of teleportation
 G - 4 scrolls of silence
 M - 2 scrolls of fear
 Q - a scroll of brand weapon
Potions
 b - a potion of resistance {unknown}
 c - a potion of ambrosia
 k - 5 potions of might
 p - 3 potions of berserk rage
 q - 2 potions of heal wounds
 s - 2 potions of degeneration {unknown}
 t - 3 potions of attraction
 v - 2 potions of haste {unknown}
 w - 3 potions of magic
 x - 4 potions of mutation
 z - 5 potions of curing
 A - 5 potions of brilliance
 B - a potion of cancellation {unknown}
 D - 3 potions of flight
 O - a potion of invisibility {unknown}
 P - a potion of lignification {unknown}


   Skills:
 + Level 13.2 Fighting
 - Level 16.2 Axes
 - Level 2.4 Dodging
 * Level 10.8 Shields
 + Level 13.4 Invocations


You had 11 spell levels left.
You didn't know any spells.
Your spell library contained the following spells:

 Spells                   Type           Power      Damage    Failure   Level
 Apportation              Tloc           0%         N/A       38%         1
 Beastly Appendage        Tmut           0%         N/A       38%         1
 Freeze                   Ice            0%         1d3       38%         1
 Necrotise                Necr           0%         1d4       38%         1
 Summon Small Mammal      Summ           0%         N/A       38%         1
 Poisonous Vapours        Pois/Air       0%         N/A       52%         2
 Wereblood                Tmut           0%         N/A       52%         2
 Inner Flame              Hex/Fire       0%         N/A       77%         3
 Spider Form              Tmut/Pois      0%         N/A       77%         3
 Flame Wave               Conj/Fire      0%         2d4       99%         4
 Leda's Liquefaction      Hex/Erth       0%         N/A       99%         4
 Manifold Assault         Tloc           0%         N/A       99%         4
 Olgreb's Toxic Radiance  Pois           0%         N/A       99%         4
 Sticky Flame             Conj/Fire      0%         2d3       99%         4
 Summon Ice Beast         Ice/Summ       0%         N/A       99%         4
 Iskenderun's Battlesphe  Conj           0%         2d6       100%        5
 Lee's Rapid Deconstruct  Erth           0%         3d4*      100%        5
 Dispersal                Tloc           0%         N/A       100%        6
 Iron Shot                Conj/Erth      0%         9d1       100%        6
 Statue Form              Tmut/Erth      0%         N/A       100%        6
 Spellforged Servitor     Conj/Summ      0%         N/A       100%        7
 Disjunction              Tloc           0%         N/A       100%        8


Dungeon Overview and Level Annotations

Branches:
Dungeon (14/15)            Temple (0/1) D:6             Orc (0/2) D:10
 Vaults (0/5) D:13          Sewer (visited)         Ossuary (visited)
   Lair: D:8-11

Altars:
Cheibriados
Dithmenos
Elyvilon
Fedhas
Gozag
Kikubaaqudgha
Qazlal
Ru
Vehumet
Wu Jian
Zin
Lugonu

Shops:
D:5 (   D:7 [   D:12 :

Annotations:
D:9 3 runed translucent doors, Pajje's ghost, novice TrGl
D:11 exclusion: oklob plant


Message History

A slime creature is nearby!
You slice the slime creature!!
Space warps around the slime creature.
The slime creature is moderately wounded.
The slime creature misses you.
You slice the slime creature!!
Space warps horribly around the slime creature!
The slime creature is almost dead.
The slime creature hits you.
You slice the slime creature!!
You kill the slime creature!
Lugonu accepts your kill.
You start resting.
A slime creature comes into view.
A slime creature comes into view.
The slime creature quivers.
You slice the slime creature!!
The slime creature is moderately wounded.
The slime creature blinks!
A slime creature comes into view.
You slice the slime creature!!
Space warps around the slime creature.
The slime creature is moderately wounded.
The slime creature barely misses you.
You slash the slime creature!
The slime creature is heavily wounded.
The slime creature blinks!
Two slime creatures merge to form a large slime creature.
Two slime creatures merge to form a very large slime creature.
You slice the very large slime creature!!
Space warps horribly around the very large slime creature!
The very large slime creature is heavily wounded.
You hit the very large slime creature.
Space warps around the very large slime creature.
The very large slime creature is heavily wounded.
The very large slime creature hits you!!!
* * * LOW HITPOINT WARNING * * *
You slash the very large slime creature!
Space warps around the very large slime creature.
The very large slime creature is heavily wounded.
The very large slime creature hits you!!!
You die...

... .. #. #.## . #..#
... #.##
.....######†.###########
......J@.....)..........
....>########.##########
... #.# ## . #.. #. ##..
#. #># .. .. ##
#..#####. .......


You could see a very large slime creature.

Vanquished Creatures
  Nessos (D:12)
  2 dancing weapons (D:13)
  2 centaur warriors
  A two-headed ogre (D:13)
  A wizard (D:13)
  A deep elf pyromancer (D:13)
  2 ugly things (D:13)
  A cyclops (D:12)
  A gargoyle (D:11)
  The ghost of NimIero the Firebug, a novice DsFE of Vehumet (D:5)
  An unseen horror zombie (D:8)
  An efreet (D:13)
  3 kobold demonologists
  2 tengu conjurers (D:13)
  2 trolls
  A polar bear (shapeshifter) (D:13)
  3 slime creatures (D:12)
  5 wraiths
  12 yaks
  Eustachio (D:4)
  4 vampire mosquitoes (D:12)
  A steam dragon (D:7)
  Menkaure (D:4)
  A warg (D:10)
  An acid dragon (D:13)
  2 water moccasins
  Duvessa (D:7)
  An ice beast (D:6)
  A hornet zombie (D:8)
  5 orc warriors
  2 sky beasts (D:8)
  2 ogres (D:6)
  8 centaurs
  2 phantoms
  5 kobold brigands
  3 bullfrogs
  2 necrophages (D:8)
  A gnoll sergeant (D:9)
  2 scorpions
  5 wights
  19 killer bees
  Dowan (D:7)
  A howler monkey (D:6)
  A centaur zombie (D:8)
  2 hounds (D:5)
  A jelly (D:6)
  A human zombie (D:8)
  5 orc priests
  Crazy Yiuf (D:7)
  3 gnoll boudas (D:4)
  Jessica (D:2)
  Ijyb (D:3)
  An iguana (D:6)
  17 orc wizards
  4 mummies
  16 gnolls
  A howler monkey zombie (D:8)
  8 adders
  3 white imps
  3 worms (D:2)
  3 dart slugs
  42 orcs
  5 ball pythons
  11 bats
  10 endoplasms
  4 giant cockroaches
  10 goblins
  6 hobgoblins
  5 jackals (D:2)
  4 quokkas
  3 frilled lizards
  8 gnoll skeletons (Ossuary)
  A hobgoblin zombie (D:8)
  24 kobolds
  6 kobold skeletons (Ossuary)
  11 orc skeletons (Ossuary)
  5 rats
342 creatures vanquished.

Vanquished Creatures (others)
  An unseen horror (D:12)
  2 gnolls (D:6)
  A fungus (D:1)
  5 plants (Sewer)
9 creatures vanquished.

Grand Total: 351 creatures vanquished

Notes
Turn   | Place    | Note
-------+----------+-------------------------------------------
     0 | D:1      | Pajje the Hill Orc Monk began the quest for the Orb.
     0 | D:1      | Reached XP level 1. HP: 19/19 MP: 1/1
   151 | D:1      | Reached XP level 2. HP: 25/27 MP: 2/2
   374 | D:1      | Reached skill level 5 in Axes
   377 | D:1      | Found a faded altar of an unknown god.
   424 | D:1      | Reached XP level 3. HP: 28/33 MP: 3/3
   769 | D:1      | Prayed at the altar of an unknown god.
   769 | D:1      | Became a worshipper of Lugonu the Unformed
   769 | D:1      | Reached * piety under Lugonu
   769 | D:1      | Reached ** piety under Lugonu
  1126 | D:2      | Noticed Jessica
  1135 | D:2      | Killed Jessica
  1136 | D:2      | Reached XP level 4. HP: 13/41 MP: 4/4
  1136 | D:2      | Reached *** piety under Lugonu
  1601 | D:2      | Reached skill level 6 in Axes
  1671 | D:2      | Found a sacrificial altar of Ru.
  1991 | D:3      | Noticed Ijyb
  2003 | D:3      | Killed Ijyb
  2004 | D:3      | Reached skill level 1 in Invocations
  2004 | D:3      | Reached XP level 5. HP: 5/47 MP: 5/5
  2262 | D:3      | Found a glowing drain.
  2342 | Sewer    | Entered a sewer
  2524 | Sewer    | Reached **** piety under Lugonu
  2552 | Sewer    | Noticed a kobold brigand
  2571 | Sewer    | Killed a kobold brigand
  2572 | Sewer    | Reached skill level 5 in Fighting
  2572 | Sewer    | Reached skill level 7 in Axes
  2686 | Sewer    | Noticed a kobold brigand
  2894 | D:3      | Found an opulent altar of Gozag.
  3054 | D:3      | Reached XP level 6. HP: 55/56 MP: 7/7
  3824 | D:4      | Reached XP level 7. HP: 59/62 MP: 9/9
  3827 | D:4      | Reached skill level 8 in Axes
  3878 | D:4      | Noticed Menkaure
  3881 | D:4      | Found a stormy altar of Qazlal.
  3882 | D:4      | Killed Menkaure
  4139 | D:4      | Noticed Eustachio
  4151 | D:4      | Killed Eustachio
  4152 | D:4      | Reached skill level 9 in Axes
  4403 | D:5      | Entered Level 5 of the Dungeon
  4415 | D:5      | Reached XP level 8. HP: 58/71 MP: 11/11
  4505 | D:5      | Found Meuverch's Weapon Shop.
  4573 | D:5      | Reached skill level 5 in Invocations
  4745 | D:5      | Found a runed translucent door.
  4751 | D:5      | Noticed NimIero's ghost (novice DsFE)
  4773 | D:5      | Found a glowing silver altar of Zin.
  4773 | D:5      | Noticed an angel
  4796 | D:5      | Got the Book of the Contaminated Glacier
  5007 | D:5      | Killed NimIero's ghost
  5008 | D:5      | Reached skill level 10 in Axes
  5353 | D:6      | Reached skill level 11 in Axes
  5632 | D:6      | Found a white marble altar of Elyvilon.
  5638 | D:6      | Reached XP level 9. HP: 49/80 MP: 13/13
  5738 | D:6      | Found a sacrificial altar of Ru.
  5792 | D:6      | Reached ***** piety under Lugonu
  5868 | D:6      | Found a staircase to the Ecumenical Temple.
  6015 | D:6      | Found a blossoming altar of Fedhas.
  6225 | D:7      | Found a snail-covered altar of Cheibriados.
  6227 | D:7      | Found Cheibriados's Comfort Zone.
  6465 | D:7      | Found a runed translucent door.
  6466 | D:7      | Noticed Crazy Yiuf
  6560 | D:7      | Noticed Duvessa
  6561 | D:7      | Reached skill level 12 in Axes
  6565 | D:7      | Noticed Dowan
  6568 | D:7      | Killed Duvessa
  6571 | D:7      | Killed Dowan
  6727 | D:7      | Found a radiant altar of Vehumet.
  6997 | D:7      | Identified the +3 leather armour of Chimes {rC+ rN+ Int+4}
  7161 | D:7      | Killed Crazy Yiuf
  7664 | D:8      | Found a sand-covered staircase.
  7699 | D:8      | Reached skill level 13 in Axes
  7702 | D:8      | Reached XP level 10. HP: 83/91 MP: 16/16
  7798 | Ossuary  | Entered an ossuary
  8047 | D:8      | Found a white marble altar of Elyvilon.
  8192 | D:8      | Found a shadowy altar of Dithmenos.
  8304 | D:8      | Reached skill level 14 in Axes
  8355 | D:8      | Found an ancient bone altar of Kikubaaqudgha.
  8798 | D:9      | Noticed a two-headed ogre
  8799 | D:9      | Banished a two-headed ogre
  8800 | D:9      | Reached skill level 10 in Fighting
  8879 | D:9      | Reached skill level 15 in Axes
  8890 | D:9      | Reached skill level 10 in Invocations
  9110 | D:9      | Noticed a kobold demonologist
  9113 | D:9      | Killed a kobold demonologist
  9345 | D:9      | Found a runed translucent gate.
  9346 | D:9      | Found a runed translucent gate.
  9346 | D:9      | Found a runed translucent gate.
  9350 | D:9      | Noticed a spectral centaur warrior
  9352 | D:9      | Noticed Pajje's ghost (novice TrGl)
  9352 | D:9      | Noticed a spectral centaur warrior
  9379 | D:9      | Reached XP level 11. HP: 101/101 MP: 18/18
  9944 | D:10     | Entered Level 10 of the Dungeon
  9961 | D:10     | Reached ****** piety under Lugonu
  9985 | D:10     | Found a staircase to the Orcish Mines.
  9994 | D:10     | Reached skill level 16 in Axes
 10581 | D:10     | Found an ornate altar of the Wu Jian Council.
 11200 | D:11     | Reached skill level 1 in Shields
 11314 | D:11     | Identified a +6 war axe of distortion (a +4 heavy war axe
                  | corrupted by Lugonu)
 11314 | D:11     | Received a gift from Lugonu
 11476 | D:11     | Noticed an oklob plant
 11481 | D:11     | You fall into a shaft and drop 3 floors!
 11482 | D:14     | Noticed a manticore
 11487 | D:14     | Banished a manticore
 11574 | D:13     | Noticed a fire crab
 11580 | D:13     | a fire crab changed into a shapeshifter
 11581 | D:13     | Noticed a centaur warrior
 11598 | D:13     | Killed a centaur warrior
 11738 | D:13     | Noticed a purple ugly thing
 11747 | D:13     | Noticed a +4 long sword
 11759 | D:13     | Killed a +4 long sword
 11765 | D:13     | Killed a purple ugly thing
 11766 | D:13     | Reached skill level 5 in Shields
 11835 | D:13     | Noticed a +5 long sword
 11866 | D:13     | Killed a +5 long sword
 11998 | D:13     | Found a gate to the Vaults.
 12105 | D:13     | Reached XP level 12. HP: 102/112 MP: 19/21
 12914 | D:13     | Noticed a boulder beetle
 12915 | D:13     | Banished a boulder beetle
 12983 | D:13     | Noticed a two-headed ogre
 12988 | D:13     | Killed a two-headed ogre
 13658 | D:13     | Identified a scroll of acquirement
 13658 | D:13     | Acquired a manual of Shields
 13661 | D:12     | Noticed a two-headed ogre
 13662 | D:12     | Noticed a centaur warrior
 13665 | D:12     | Banished a two-headed ogre
 13682 | D:12     | Killed a centaur warrior
 13839 | D:12     | Identified the +0 ring mail of Defence {Fly rF++ rC- rCorr}
 13856 | D:12     | Found Benap's Book Shop.
 13925 | D:12     | Noticed Nessos
 13938 | D:12     | Reached skill level 10 in Shields
 13941 | D:12     | Killed Nessos
 13976 | D:12     | Annihilated by a very large slime creature

Illustrated notes

Levels and vault maps discovered:
D:1:      sevenhm_arrival_forest_fort_large_4, layout_rooms,
          shapermc_ecumenical_altar_petra
D:2:      layout_basic, basic_altar, minmay_misc_feat_room, minmay_tripent,
          uniq_jessica
D:3:      layout_loops_ring, grunt_gozag_statues, gup_sewer_entry_glass,
          grunt_ministairs_6, uniq_ijyb
D:4:      layout_rooms, mainiacjoe_overflow_brackets, uniq_eustachio,
          uniq_menkaure
D:5:      layout_cave_pools, zin_angel, serial_shops, shop,
          ebering_ghost_sewer_d, hangedman_decor_growths
D:6:      layout_cave_pools, kennysheep_mini_moat, minmay_temple_entry_fiery,
          hangedman_feature_mirror
D:7:      layout_basic, nicolae_vehumet_radiance, minmay_shop_chei,
          uniq_duvessa, uniq_crazy_yiuf_cottage
D:8:      layout_basic, lemuel_mausoleum_altar_kikubaaqudgha,
          amcnicky_altar_gilded, enter_ossuary_3, enter_bailey_6,
          kennysheep_small_circle
D:9:      layout_basic, gammafunk_ghost_necromancy
D:10:     layout_basic, nicolae_wu_jian_glorious_leap, erik_orc_4
D:11:     layout_loops_ring, dpeg_oklobed_lair
D:12:     layout_rooms, serial_shops, shop, uniq_nessos
D:13:     layout_layer_cave, erik_vaults_1, item_on_display_a
D:14:     layout_irregular_city, xom_redecorated

Skill      XL: |  1  2  3  4  5  6  7  8  9 10 11 12 |
---------------+-------------------------------------+-----
Fighting       | 4 5 6 7 9 10 11 13 | 13.2
Axes           | 5 6 7 9 11 13 15 16 | 16.2
Invocations    | 1 2 3 4 6 8 10 12 13 | 13.4
Shields        | 5 10 | 10.8
Dodging        | |  2.4

Action                     |  1- 3 |  4- 6 |  7- 9 | 10-12 || total
---------------------------+-------+-------+-------+-------++-------
  Melee: Hand axe          |    78 |   213 |   162 |       ||   453
         War axe           |       |       |    66 |   409 ||   475
 Invoke: Banish            |       |       |     2 |     3 ||     5
         Brand Weapon With |       |       |       |     1 ||     1
  Evoke: Wand              |       |     9 |     6 |       ||    15
    Use: Scroll            |     3 |     6 |     9 |    12 ||    30
         Potion            |       |       |     4 |     5 ||     9
   Stab: Sleeping          |       |       |       |     1 ||     1
 Armour: Scale mail        |    34 |   103 |    51 |       ||   188
         Leather armour    |       |       |    27 |   143 ||   170
         Chain mail        |       |       |    24 |       ||    24
  Dodge: Dodged            |    37 |   127 |    99 |   224 ||   487
  Block: Buckler           |       |       |    17 |    90 ||   107
